 Dungeon Crawl Stone Soup version 0.31-a0-180-g519b7de00c (webtiles) character file.

Game seed: 15229923095809294798

44900 qw the Cleaver (level 14, 0/88 HPs)
             Began as a Gargoyle Fighter on June 19, 2023.
             Was a High Priest of Okawaru.
             Slain by a spriggan
             ... wielding a +1 rapier of distortion
              (11 damage)
             ... on level 5 of the Lair of Beasts.
             The game lasted 00:08:56 (15076 turns).

qw the Cleaver (Gargoyle Fighter)                  Turns: 15076, Time: 00:08:56

Health: 0/88       AC: 52    Str: 25    XL:     14   Next: 30%
Magic:  21/21      EV:  7    Int:  9    God:    Okawaru [*****.]
Gold:   541        SH: 12    Dex:  9    Spells: 13/13 levels left

rFire   . . .        Y - +1 broad axe
rCold   . . .        t - +0 kite shield
rNeg    + . .        c - +8 crystal plate armour {ponderous}
rPois   inf          r - +1 hat
rElec   +            a - +0 cloak
rCorr   .            (no gloves)
SInv    +            l - +1 pair of boots
Will    +....        n - amulet of faith Stlth
                     g - +4 ring of protection
HPRegen 0.34/turn    x - ring of see invisible
MPRegen 0.17/turn

%: faith
@: about to teleport, heroic, flying, slow
A: sickness immunity, AC +10, big wings, negative energy resistance 1,
electricity resistance, torment resistance 1, petrification resistance
a: Renounce Religion, Heroism, Finesse, Duel


You were on level 5 of the Lair of Beasts.
You worshipped Okawaru.
Okawaru was extremely pleased with you.
You visited 3 branches of the dungeon, and saw 16 of its levels.

You collected 777 gold pieces.
You spent 236 gold pieces at shops.


Innate Abilities, Weirdness & Mutations

You are immune to sickness and miasma.
Your stone body is resilient. (AC +10)
You are immune to poison.
Your large and strong wings let you fly.
You resist negative energy. (rN+)
You are resistant to electric shocks. (rElec)
You are resistant to unholy torment.
You are immune to petrification.


   Skills:
 + Level 10.6(15.6) Fighting
 - Level 14.0(19.0) Axes
 - Level 2.0(7.0) Throwing
 - Level 12.0(17.0) Armour
 - Level 2.0(7.0) Dodging
 - Level 11.1(16.1) Shields
 - Level 10.1 Invocations


You had 13 spell levels left.
You didn't know any spells.
Your spell library was empty.

Inventory:

Hand Weapons
 s - a +0 morningstar
 Y - a +1 broad axe (weapon)
Armour
 a - a +0 cloak (worn)
 c - a +8 crystal plate armour of ponderousness (worn)
 l - a +1 pair of boots (worn)
 r - a +1 hat (worn)
 t - a +0 kite shield (worn)
 w - a +1 cloak of poison resistance
 A - a +2 helmet of see invisible
Jewellery
 e - a ring of willpower
 g - a +4 ring of protection (left hand)
 m - a ring of fire
 n - an amulet of faith (around neck)
 q - a ring of ice
 u - a ring of ice
 x - a ring of see invisible (right hand)
 B - an amulet of regeneration
Scrolls
 j - 6 scrolls of identify
 y - a scroll of teleportation
Potions
 b - 3 potions of cancellation
 d - 2 potions of might
 f - 6 potions of lignification
 h - 4 potions of haste
 i - 3 potions of heal wounds
 k - a potion of curing
 o - 2 potions of attraction
 p - a potion of enlightenment
 v - a potion of mutation
 z - a potion of magic

Dungeon Overview and Level Annotations

Branches:
Dungeon (10/15)            Temple (1/1) D:5            Lair (5/5) D:10
 Shoals (0/4) Lair:3        Snake (0/4) Lair:2        Slime (0/5) Lair:4
    Orc: D:9-12

Altars:
Ashenzari
Cheibriados
Dithmenos
Elyvilon
Fedhas
Gozag
Hepliaklqana
Kikubaaqudgha
Makhleb
Nemelex Xobeh
Okawaru
Qazlal
Ru
Sif Muna
Trog
Uskayaw
Vehumet
Wu Jian
Xom
Yredelemnul
Zin
The Shining One
Jiyva
Lugonu

Shops:
D:1 (   D:2 ?   D:5 *   D:8 *

Portals:
Abyss: Lair:5
Trove: D:10 (show slimy rune of Zot)

Annotations:
D:8 2 transporters, qw's ghost, novice GrFi
Lair:4 1 runed translucent door


Message History

Enter note:
Enter note:
Enter note:
Enter note:
Enter note:
Enter note:
Enter note:
Enter note:
Enter note:
Enter note:
Enter note:
Enter note:
Enter note:
Enter note:
Enter note:
Enter note:
Enter note:
Enter note:
Enter note: You closely miss the thrashing horror.
The thrashing horror is almost destroyed.
The thrashing horror barely misses you.
The thrashing horror tramples you but does no damage.
You slash the thrashing horror!
You destroy the thrashing horror!
Okawaru accepts your kill.
The spriggan shoots a sling bullet.
You block the sling bullet.
The spriggan shoots a sling bullet.
The sling bullet closely misses you.
The spriggan shoots a sling bullet.
You block the sling bullet.
You see here a polar bear skeleton.
The spriggan unwields a +0 sling.
The spriggan wields a +1 rapier of distortion.
Its appearance distorts for a moment.
The spriggan hits you but does no damage.
Space warps horribly around you!
15076 ||| READING 2 scrolls of teleportation.
As you read the scroll of teleportation, it crumbles to dust.
You feel strangely unstable.
The spriggan hits you with a +1 rapier of distortion!
You die... ..%........####............... .......#....# ##.........[..... 77.77##....## 7P.777........... 777 7#..## 7777 77.......... 7777 777777777...... 7....777 7.... 77. 7777.....7 777

7....
77..%.7.7.77777
..7
7.%.%@i.....7.7 77
7..777...77...77
77 )....7
77777777..7 .77
7..._.. 7..77
..7777 7...%[)7
7..77
.....77777.\777 7
77i.7 ..7...777777
777.7 7ยค.7
..77....777777....
7.i77
77777......77...7
....77


You could see a spriggan.

Vanquished Creatures
  Josephine (Lair:4)
  Fannar (Lair:3)
  A hydra (Lair:5)
  3 two-headed ogres (D:9)
  A boulder beetle (Lair:5)
  3 thrashing horrors (Lair:5)
  4 death yaks (Lair:2)
  Nergalle (Lair:1)
  2 skysharks
  2 ugly things (Lair:5)
  2 large abominations (Lair:5)
  6 black mambas
  8 elephants
  A merfolk siren (Lair:3)
  7 cane toads
  An unseen horror (D:10)
  5 rime drakes
  6 komodo dragons
  2 ancient zymes (Lair:5)
  3 polar bears
  3 trolls (D:10)
  A merfolk (Lair:3)
  42 blink frogs
  A jumping spider (shapeshifter) (Lair:5)
  Sigmund (D:2)
  A shadow (D:9)
  3 ynoxinuls (Lair:5)
  3 wraiths (Lair:4)
  3 wyverns
  25 yaks
  2 basilisks
  2 chaos spawn (Lair:5)
  A steam dragon (D:7)
  A naga (Lair:2)
  14 water moccasins
  A black bear (D:6)
  5 ice beasts
  A sky beast (D:8)
  15 wolves
  6 centaurs
  23 bullfrogs
  3 scorpions
  2 gnoll sergeants
  9 wights
  8 killer bees (D:9)
  A howler monkey (D:5)
  2 electric eels (Lair:1)
  2 lava snakes (D:7)
  12 small abominations (Lair:5)
  2 orc priests
  3 jellies
  2 gnoll boudas
  2 hounds (D:5)
  Terence (D:2)
  2 iguanas
  3 orc wizards
  15 gnolls
  4 adders
  An ufetubus (D:4)
  A worm (D:3)
  3 dart slugs
  18 orcs
  8 bats
  10 endoplasms
  3 giant cockroaches
  5 goblins
  6 hobgoblins
  8 jackals
  5 kobolds
  5 quokkas
  7 ball pythons
  3 frilled lizards
  8 rats
378 creatures vanquished.

Vanquished Creatures (others)
  A jelly (D:7)
  A gnoll (D:7)
2 creatures vanquished.

Grand Total: 380 creatures vanquished

Notes
Turn   | Place    | Note
-------+----------+-------------------------------------------
     0 | D:1      | qw the Gargoyle Fighter began the quest for the Orb.
     0 | D:1      | Reached XP level 1. HP: 14/14 MP: 1/1
     0 | D:1      | 0 ||| qw: Version: 0.3-a-7-ge0c9b40
     0 | D:1      | 0 ||| qw: Game counter: 1095
     0 | D:1      | 0 ||| qw: Always use a shield: true
     0 | D:1      | 0 ||| qw: God list: Okawaru
     0 | D:1      | 0 ||| qw: Allow faded altars: false
     0 | D:1      | 0 ||| qw: Do Orc after D:15 true
     0 | D:1      | 0 ||| qw: Do second Lair branch before Depths: true
     0 | D:1      | 0 ||| qw: Lair rune preference: random
     0 | D:1      | 0 ||| qw: Plans: Normal, Zot:1-4, Slime:5, God:TSO, Crypt,
                  | Tomb, Abyss, Pan, Hells, Win
     0 | D:1      | 0 ||| PLANNING D:1-11
    49 | D:1      | Reached skill level 2 in Axes
    93 | D:1      | 93 ||| Stepping ~*~*~tactically~*~*~ (stealth).
   135 | D:1      | Reached XP level 2. HP: 12/19 MP: 2/2
   210 | D:1      | Reached skill level 3 in Axes
   273 | D:1      | Reached XP level 3. HP: 17/23 MP: 3/3
   413 | D:1      | 413 ||| Stepping ~*~*~tactically~*~*~ (stealth).
   521 | D:1      | 521 ||| Stepping ~*~*~tactically~*~*~ (stealth).
   549 | D:1      | Found Pitobik's Antique Weapon Shop.
   558 | D:1      | 558 ||| SHOPLISTING runed mace (150 gold, have 43).
   608 | D:1      | 608 ||| UPGRADING to +4 ring of protection.
   609 | D:1      | 609 ||| DROPPING +6 ring of intelligence.
   610 | D:1      | 610 ||| READING 3 scrolls labelled SURYENL SISAG.
   611 | D:1      | 611 ||| READING 3 scrolls labelled NOVOYS SUWA.
   612 | D:1      | 612 ||| READING scroll labelled DAMPYO KUMMIE.
   613 | D:1      | 613 ||| READING 2 scrolls of identify.
   613 | D:1      | 613 ||| IDENTIFYING murky clear potion
   614 | D:1      | 614 ||| DROPPING potion of berserk rage.
   787 | D:2      | Found Itabel's Magic Scroll Boutique.
   795 | D:2      | 795 ||| SHOPLISTING scroll of acquirement (520 gold, have
                  | 49).
   795 | D:2      | 795 ||| SHOPLISTING scroll of enchant armour (75 gold, have
                  | 49).
   795 | D:2      | 795 ||| BUYING scroll of identify (20 gold).
   795 | D:2      | Bought a scroll of identify for 20 gold pieces
   795 | D:2      | 795 ||| BUYING scroll of identify (20 gold).
   795 | D:2      | Bought a scroll of identify for 20 gold pieces
   795 | D:2      | 795 ||| SHOPLISTING scroll of identify (20 gold, have 9).
   807 | D:2      | Noticed Sigmund
   808 | D:2      | 808 ||| Stepping ~*~*~tactically~*~*~ (hiding).
   811 | D:2      | 811 ||| Stepping ~*~*~tactically~*~*~ (hiding).
   828 | D:2      | Killed Sigmund
   829 | D:2      | Reached skill level 5 in Axes
   829 | D:2      | Reached XP level 4. HP: 11/28 MP: 4/4
   829 | D:2      | Reached XP level 5. HP: 13/32 MP: 5/5
   907 | D:2      | 907 ||| Stepping ~*~*~tactically~*~*~ (stealth).
   958 | D:2      | Noticed Terence
   966 | D:2      | Killed Terence
   967 | D:2      | Reached XP level 6. HP: 38/38 MP: 6/6
  1110 | D:2      | 1110 ||| DROPPING +0 whip.
  1384 | D:2      | 1384 ||| READING scroll labelled RETZEU UCWELYT.
  1385 | D:2      | 1385 ||| READING 4 scrolls of identify.
  1385 | D:2      | 1385 ||| IDENTIFYING bubbling cyan potion
  1386 | D:2      | 1386 ||| READING 3 scrolls of identify.
  1386 | D:2      | 1386 ||| IDENTIFYING murky emerald potion
  1387 | D:2      | 1387 ||| READING 2 scrolls of identify.
  1387 | D:2      | 1387 ||| IDENTIFYING blue potion
  1388 | D:2      | 1388 ||| DROPPING potion of brilliance.
  1389 | D:2      | 1389 ||| DROPPING potion of ambrosia.
  1622 | D:3      | 1622 ||| Stepping ~*~*~tactically~*~*~ (stealth).
  1634 | D:3      | 1634 ||| Stepping ~*~*~tactically~*~*~ (stealth).
  1654 | D:3      | Reached skill level 1 in Dodging
  1859 | D:3      | 1859 ||| SWAPPING to +0 broad axe.
  1860 | D:3      | 1860 ||| DROPPING +0 war axe.
  2340 | D:3      | 2340 ||| UPGRADING to +0 plate armour.
  2350 | D:3      | 2350 ||| DROPPING +0 scale mail.
  2351 | D:3      | 2351 ||| READING 4 scrolls of enchant armour.
  2351 | D:3      | 2351 ||| ENCHANTING +0 plate armour.
  2352 | D:3      | 2352 ||| READING 3 scrolls of enchant armour.
  2352 | D:3      | 2352 ||| ENCHANTING +1 plate armour.
  2353 | D:3      | 2353 ||| READING 2 scrolls of enchant armour.
  2353 | D:3      | 2353 ||| ENCHANTING +2 plate armour.
  2354 | D:3      | 2354 ||| READING scroll of enchant armour.
  2354 | D:3      | 2354 ||| ENCHANTING +3 plate armour.
  2355 | D:3      | 2355 ||| READING scroll labelled QUEHIETIMP.
  2356 | D:3      | 2356 ||| DRINKING 2 yellow potions.
  2378 | D:3      | 2378 ||| DRINKING 3 golden potions.
  2428 | D:4      | 2428 ||| Stepping ~*~*~tactically~*~*~ (hiding).
  2429 | D:4      | 2429 ||| Stepping ~*~*~tactically~*~*~ (hiding).
  2430 | D:4      | 2430 ||| Stepping ~*~*~tactically~*~*~ (hiding).
  2433 | D:4      | 2433 ||| Stepping ~*~*~tactically~*~*~ (hiding).
  2434 | D:4      | 2434 ||| Stepping ~*~*~tactically~*~*~ (hiding).
  2436 | D:4      | 2436 ||| Stepping ~*~*~tactically~*~*~ (hiding).
  3282 | D:4      | 3282 ||| UPGRADING to +0 cloak.
  3287 | D:4      | 3287 ||| UPGRADING to amulet of faith.
  3292 | D:4      | 3292 ||| READING 2 scrolls of identify.
  3292 | D:4      | 3292 ||| IDENTIFYING fuming clear potion
  3317 | D:5      | Entered Level 5 of the Dungeon
  3317 | D:5      | Noticed a water moccasin
  3321 | D:5      | 3321 ||| STAIRDANCE
  3327 | D:4      | Killed a water moccasin
  3328 | D:4      | Reached skill level 6 in Axes
  3328 | D:4      | Reached XP level 7. HP: 38/43 MP: 7/7
  3478 | D:5      | Found Ohaqidad's Assorted Antiques.
  3487 | D:5      | 3487 ||| BUYING bone wand (100 gold).
  3487 | D:5      | Bought a bone wand for 100 gold pieces
  3487 | D:5      | 3487 ||| SHOPLISTING fizzy cyan potion (22 gold, have 11).
  3487 | D:5      | 3487 ||| SHOPLISTING pair of gloves (112 gold, have 11).
  3487 | D:5      | 3487 ||| SHOPLISTING scroll of identify (50 gold, have 11).
  3728 | D:5      | Reached skill level 7 in Axes
  3911 | D:5      | Found a staircase to the Ecumenical Temple.
  3912 | D:5      | 3912 ||| PLANNING TEMPLE
  3912 | D:5      | 3912 ||| READING scroll labelled FOUSHO OQOAPS.
  3913 | D:5      | 3913 ||| READING 3 scrolls labelled OSEMOY KUGU.
  4014 | D:5      | 4014 ||| READING 3 scrolls of identify.
  4014 | D:5      | 4014 ||| IDENTIFYING white potion
  4015 | D:5      | 4015 ||| READING 2 scrolls of identify.
  4015 | D:5      | 4015 ||| IDENTIFYING fizzy cyan potion
  4016 | D:5      | 4016 ||| DROPPING wand of paralysis (7).
  4017 | D:5      | 4017 ||| DROPPING 2 scrolls of silence.
  4026 | Temple   | Entered the Ecumenical Temple
  4049 | Temple   | 4049 ||| PLANNING OKAWARU WORSHIP
  4099 | Temple   | Became a worshipper of Warmaster Okawaru
  4100 | Temple   | 4100 ||| PLANNING D:1-11
  4202 | D:5      | Found a shimmering blue altar of Sif Muna.
  4203 | D:5      | Found an opulent altar of Gozag.
  4485 | D:5      | 4485 ||| Stepping ~*~*~tactically~*~*~ (hiding).
  4486 | D:5      | 4486 ||| Stepping ~*~*~tactically~*~*~ (hiding).
  4592 | D:5      | Found a broken altar of Ashenzari.
  4595 | D:5      | Found a basalt altar of Yredelemnul.
  4669 | D:5      | 4669 ||| READING scroll labelled ZAGUR MIJIEBRU.
  4712 | D:6      | Reached XP level 8. HP: 46/49 MP: 8/8
  4910 | D:6      | Reached * piety under Okawaru
  4911 | D:6      | Reached skill level 8 in Axes
  4911 | D:6      | 4911 ||| INVOKING Heroism.
  4911 | D:6      | HP: 9/49 [wight/+0 flail (9)]
  4912 | D:6      | 4912 ||| DRINKING 2 potions of heal wounds.
  4921 | D:6      | Reached skill level 1 in Invocations
  5018 | D:6      | 5018 ||| DROPPING +0 mace.
  5035 | D:6      | 5035 ||| INVOKING Heroism.
  5037 | D:6      | Reached skill level 6 in Fighting
  5075 | D:6      | 5075 ||| INVOKING Heroism.
  5137 | D:6      | 5137 ||| DROPPING scarf of harm.
  5138 | D:6      | 5138 ||| READING 3 scrolls of identify.
  5138 | D:6      | 5138 ||| IDENTIFYING inky potion
  5139 | D:6      | 5139 ||| READING 2 scrolls of identify.
  5139 | D:6      | 5139 ||| IDENTIFYING fizzy grey potion
  5140 | D:6      | 5140 ||| DROPPING potion of invisibility.
  5147 | D:6      | 5147 ||| STAIRDANCE
  5540 | D:6      | 5540 ||| INVOKING Heroism.
  5618 | D:6      | Reached skill level 3 in Invocations
  5883 | D:6      | 5883 ||| UPGRADING to +0 pair of boots.
  5993 | D:7      | 5993 ||| READING scroll of enchant armour.
  5993 | D:7      | 5993 ||| ENCHANTING +0 pair of boots.
  5996 | D:7      | 5996 ||| INVOKING Heroism.
  6002 | D:7      | Reached XP level 9. HP: 55/55 MP: 8/11
  6067 | D:7      | 6067 ||| FLEEEEING.
  6068 | D:7      | 6068 ||| FLEEEEING.
  6069 | D:7      | 6069 ||| FLEEEEING.
  6099 | D:7      | 6099 ||| INVOKING Heroism.
  6106 | D:7      | 6106 ||| FLEEEEING.
  6107 | D:7      | 6107 ||| FLEEEEING.
  6108 | D:7      | 6108 ||| FLEEEEING.
  6109 | D:7      | 6109 ||| FLEEEEING.
  6110 | D:7      | 6110 ||| FLEEEEING.
  6242 | D:7      | 6242 ||| FLEEEEING.
  6243 | D:7      | 6243 ||| FLEEEEING.
  6244 | D:7      | 6244 ||| FLEEEEING.
  6304 | D:7      | 6304 ||| Stepping ~*~*~tactically~*~*~ (hiding).
  6305 | D:7      | 6305 ||| Stepping ~*~*~tactically~*~*~ (hiding).
  6306 | D:7      | 6306 ||| Stepping ~*~*~tactically~*~*~ (hiding).
  6309 | D:7      | 6309 ||| INVOKING Heroism.
  6327 | D:7      | 6327 ||| INVOKING Heroism.
  6331 | D:7      | Reached skill level 9 in Axes
  6434 | D:7      | Found a glowing golden altar of the Shining One.
  6600 | D:7      | 6600 ||| Stepping ~*~*~tactically~*~*~ (hiding).
  6612 | D:7      | 6612 ||| Stepping ~*~*~tactically~*~*~ (hiding).
  6618 | D:7      | 6618 ||| INVOKING Heroism.
  6726 | D:8      | 6726 ||| Stepping ~*~*~tactically~*~*~ (hiding).
  6728 | D:8      | 6728 ||| Stepping ~*~*~tactically~*~*~ (hiding).
  6744 | D:8      | Found Nicouc's General Store.
  6759 | D:8      | 6759 ||| BUYING potion of cancellation (96 gold).
  6759 | D:8      | Bought a potion of cancellation for 96 gold pieces
  6900 | D:8      | Reached skill level 6 in Armour
  7007 | D:8      | Found a glowing silver altar of Zin.
  7009 | D:8      | 7009 ||| Stepping ~*~*~tactically~*~*~ (stealth).
  7022 | D:8      | 7022 ||| INVOKING Heroism.
  7026 | D:8      | Reached ** piety under Okawaru
  7086 | D:8      | 7086 ||| FLEEEEING.
  7087 | D:8      | 7087 ||| FLEEEEING.
  7088 | D:8      | 7088 ||| FLEEEEING.
  7089 | D:8      | 7089 ||| FLEEEEING.
  7090 | D:8      | 7090 ||| FLEEEEING.
  7091 | D:8      | 7091 ||| STAIRDANCE
  7134 | D:7      | 7134 ||| UPGRADING to ring of willpower.
  7138 | D:8      | 7138 ||| STAIRDANCE
  7180 | D:8      | Found a transporter.
  7195 | D:8      | Noticed a moth of wrath
  7196 | D:8      | Noticed qw's ghost (novice GrFi)
  7210 | D:8      | 7210 ||| Stepping ~*~*~tactically~*~*~ (hiding).
  7210 | D:8      | Found a transporter.
  7226 | D:8      | Reached skill level 10 in Axes
  7226 | D:8      | Reached XP level 10. HP: 61/63 MP: 13/13
  7279 | D:8      | 7279 ||| Stepping ~*~*~tactically~*~*~ (hiding).
  7454 | D:9      | 7454 ||| INVOKING Heroism.
  7456 | D:9      | Reached skill level 1 in Throwing
  7477 | D:9      | Reached *** piety under Okawaru
  7480 | D:9      | 7480 ||| INVOKING Heroism.
  7611 | D:9      | Noticed a two-headed ogre
  7612 | D:9      | 7612 ||| Stepping ~*~*~tactically~*~*~ (stealth).
  7614 | D:9      | 7614 ||| INVOKING Heroism.
  7618 | D:9      | Killed a two-headed ogre
  7741 | D:9      | 7741 ||| Stepping ~*~*~tactically~*~*~ (hiding).
  7743 | D:9      | 7743 ||| Stepping ~*~*~tactically~*~*~ (hiding).
  7744 | D:9      | 7744 ||| Stepping ~*~*~tactically~*~*~ (hiding).
  7745 | D:9      | 7745 ||| Stepping ~*~*~tactically~*~*~ (hiding).
  7762 | D:9      | Noticed a two-headed ogre
  7763 | D:9      | 7763 ||| Stepping ~*~*~tactically~*~*~ (stealth).
  7764 | D:9      | 7764 ||| INVOKING Heroism.
  7770 | D:9      | Killed a two-headed ogre
  7798 | D:9      | 7798 ||| FLEEEEING.
  7844 | D:9      | Reached **** piety under Okawaru
  7856 | D:9      | 7856 ||| Stepping ~*~*~tactically~*~*~ (stealth).
  7858 | D:9      | 7858 ||| Stepping ~*~*~tactically~*~*~ (stealth).
  7872 | D:9      | 7872 ||| INVOKING Heroism.
  8045 | D:9      | 8045 ||| Stepping ~*~*~tactically~*~*~ (hiding).
  8047 | D:9      | 8047 ||| Stepping ~*~*~tactically~*~*~ (hiding).
  8049 | D:9      | 8049 ||| Stepping ~*~*~tactically~*~*~ (hiding).
  8055 | D:9      | 8055 ||| FLEEEEING.
  8055 | D:9      | Noticed a two-headed ogre
  8056 | D:9      | 8056 ||| INVOKING Heroism.
  8063 | D:9      | Killed a two-headed ogre
  8225 | D:9      | 8225 ||| INVOKING Heroism.
  8479 | D:9      | 8479 ||| UPGRADING to +0 kite shield.
  8489 | D:9      | 8489 ||| DROPPING +0 buckler.
  8490 | D:9      | 8490 ||| READING 4 scrolls of identify.
  8490 | D:9      | 8490 ||| IDENTIFYING bubbling grey potion
  8498 | D:10     | Entered Level 10 of the Dungeon
  8524 | D:10     | 8524 ||| INVOKING Heroism.
  8528 | D:10     | Reached skill level 6 in Shields
  8528 | D:10     | Reached XP level 11. HP: 68/68 MP: 11/14
  8608 | D:10     | 8608 ||| Stepping randomly (disturbance).
  8609 | D:10     | 8609 ||| Stepping randomly (disturbance).
  9016 | D:10     | 9016 ||| Stepping ~*~*~tactically~*~*~ (hiding).
  9031 | D:10     | Found a staircase to the Lair.
  9033 | D:10     | 9033 ||| Stepping ~*~*~tactically~*~*~ (stealth).
  9043 | D:10     | Reached skill level 6 in Invocations
  9045 | D:10     | 9045 ||| Stepping ~*~*~tactically~*~*~ (stealth).
  9069 | D:10     | 9069 ||| Stepping ~*~*~tactically~*~*~ (stealth).
  9070 | D:10     | 9070 ||| Stepping ~*~*~tactically~*~*~ (stealth).
  9072 | D:10     | 9072 ||| Stepping ~*~*~tactically~*~*~ (stealth).
  9073 | D:10     | 9073 ||| Stepping ~*~*~tactically~*~*~ (stealth).
  9078 | D:10     | 9078 ||| INVOKING Heroism.
  9198 | D:10     | 9198 ||| INVOKING Heroism.
  9273 | D:10     | Found a shimmering altar of Xom.
  9384 | D:10     | Found a portal to a secret trove of treasure.
  9390 | D:10     | 9390 ||| PLANNING LAIR
  9390 | D:10     | 9390 ||| UPGRADING to +8 crystal plate armour of
                  | ponderousness.
  9400 | D:10     | 9400 ||| DROPPING +4 plate armour.
  9401 | D:10     | 9401 ||| UPGRADING to ring of see invisible.
  9403 | D:10     | 9403 ||| READING 3 scrolls of identify.
  9403 | D:10     | 9403 ||| IDENTIFYING orange potion
  9404 | D:10     | 9404 ||| DROPPING potion of degeneration.
  9435 | Lair:1   | Entered Level 1 of the Lair of Beasts
  9436 | Lair:1   | 9436 ||| INVOKING Heroism.
  9567 | Lair:1   | 9567 ||| INVOKING Heroism.
  9573 | Lair:1   | Reached ***** piety under Okawaru
  9594 | Lair:1   | 9594 ||| Stepping ~*~*~tactically~*~*~ (stealth).
  9598 | Lair:1   | 9598 ||| INVOKING Heroism.
  9609 | Lair:1   | Received a gift from Okawaru
  9753 | Lair:1   | 9753 ||| INVOKING Heroism.
  9829 | Lair:1   | 9829 ||| INVOKING Heroism.
  9839 | Lair:1   | Reached skill level 9 in Shields
  9949 | Lair:1   | 9949 ||| INVOKING Heroism.
 10027 | Lair:1   | Noticed a skyshark
 10047 | Lair:1   | Killed a skyshark
 10048 | Lair:1   | Reached skill level 9 in Invocations
 10048 | Lair:1   | Reached XP level 12. HP: 71/73 MP: 18/18
 10135 | Lair:1   | 10135 ||| INVOKING Heroism.
 10245 | Lair:1   | Noticed Nergalle
 10246 | Lair:1   | 10246 ||| INVOKING Heroism.
 10267 | Lair:1   | Killed Nergalle
 10268 | Lair:1   | Reached skill level 9 in Armour
 10440 | Lair:1   | 10440 ||| UPGRADING to +1 hat.
 10445 | Lair:1   | 10445 ||| READING scroll labelled MOEZIB XOFUONT.
 10487 | Lair:2   | 10487 ||| Stepping ~*~*~tactically~*~*~ (stealth).
 10489 | Lair:2   | 10489 ||| INVOKING Heroism.
 10499 | Lair:2   | Reached skill level 11 in Axes
 10540 | Lair:2   | 10540 ||| Stepping ~*~*~tactically~*~*~ (stealth).
 10547 | Lair:2   | 10547 ||| INVOKING Heroism.
 10565 | Lair:2   | Identified the +0 pair of boots of Sloth {rElec} (Okawaru
                  | gifted it to you on level 2 of the Lair of Beasts)
 10565 | Lair:2   | Received a gift from Okawaru
 10646 | Lair:2   | Noticed a death yak
 10647 | Lair:2   | 10647 ||| INVOKING Heroism.
 10647 | Lair:2   | Noticed a death yak
 10647 | Lair:2   | Noticed a death yak
 10648 | Lair:2   | 10648 ||| INVOKING Finesse.
 10651 | Lair:2   | Noticed a death yak
 10662 | Lair:2   | Killed a death yak
 10673 | Lair:2   | Killed a death yak
 10678 | Lair:2   | Killed a death yak
 10684 | Lair:2   | Killed a death yak
 10817 | Lair:2   | 10817 ||| INVOKING Heroism.
 10853 | Lair:2   | Reached skill level 9 in Fighting
 10887 | Lair:2   | Found a staircase to the Snake Pit.
 10889 | Lair:2   | 10889 ||| Stepping ~*~*~tactically~*~*~ (hiding).
 10890 | Lair:2   | 10890 ||| Stepping ~*~*~tactically~*~*~ (hiding).
 10997 | Lair:2   | Found a frozen archway.
 11105 | Lair:2   | 11105 ||| INVOKING Heroism.
 11369 | Lair:2   | 11369 ||| DROPPING +0 pair of boots of Sloth {rElec}.
 11370 | Lair:2   | 11370 ||| READING scroll labelled HOFOQY QIVU.
 11401 | Lair:3   | 11401 ||| Stepping ~*~*~tactically~*~*~ (hiding).
 11404 | Lair:3   | 11404 ||| INVOKING Heroism.
 11453 | Lair:3   | Reached skill level 12 in Axes
 11462 | Lair:3   | 11462 ||| INVOKING Heroism.
 11466 | Lair:3   | Reached XP level 13. HP: 40/80 MP: 17/20
 11563 | Lair:3   | 11563 ||| FLEEEEING.
 11565 | Lair:3   | 11565 ||| STAIRDANCE
 11675 | Lair:3   | Noticed Fannar
 11692 | Lair:3   | 11692 ||| INVOKING Heroism.
 11706 | Lair:3   | Killed Fannar
 11909 | Lair:3   | 11909 ||| DROPPING +3 war axe of distortion.
 12080 | Lair:3   | 12080 ||| INVOKING Heroism.
 12216 | Lair:3   | Found a staircase to the Shoals.
 12685 | Lair:4   | 12685 ||| INVOKING Heroism.
 12752 | Lair:4   | 12752 ||| Stepping ~*~*~tactically~*~*~ (stealth).
 12753 | Lair:4   | 12753 ||| Stepping ~*~*~tactically~*~*~ (stealth).
 12754 | Lair:4   | 12754 ||| Stepping ~*~*~tactically~*~*~ (stealth).
 12756 | Lair:4   | 12756 ||| INVOKING Heroism.
 12797 | Lair:4   | 12797 ||| INVOKING Heroism.
 12924 | Lair:4   | 12924 ||| INVOKING Heroism.
 12941 | Lair:4   | Noticed Josephine
 12951 | Lair:4   | Killed Josephine
 12951 | Lair:4   | Received a gift from Okawaru
 12964 | Lair:4   | 12964 ||| DROPPING +1 war axe of electrocution.
 12990 | Lair:4   | Found a runed translucent door.
 12990 | Lair:4   | Found a viscous altar of Jiyva.
 12990 | Lair:4   | Found a staircase to the Slime Pits.
 13216 | Lair:4   | 13216 ||| INVOKING Heroism.
 13570 | Lair:4   | 13570 ||| DRINKING 2 sapphire potions.
 13605 | Lair:5   | Entered Level 5 of the Lair of Beasts
 13667 | Lair:5   | Reached skill level 13 in Axes
 13701 | Lair:5   | Received a gift from Okawaru
 13767 | Lair:5   | 13767 ||| INVOKING Heroism.
 13768 | Lair:5   | 13768 ||| SWAPPING to +0 morningstar.
 13769 | Lair:5   | 13769 ||| INVOKING Finesse.
 13775 | Lair:5   | 13775 ||| SWAPPING to +1 broad axe.
 13943 | Lair:5   | 13943 ||| INVOKING Heroism.
 13989 | Lair:5   | 13989 ||| Stepping ~*~*~tactically~*~*~ (stealth).
 14114 | Lair:5   | 14114 ||| INVOKING Heroism.
 14136 | Lair:5   | 14136 ||| Stepping ~*~*~tactically~*~*~ (stealth).
 14137 | Lair:5   | 14137 ||| Stepping ~*~*~tactically~*~*~ (stealth).
 14239 | Lair:5   | 14239 ||| INVOKING Heroism.
 14248 | Lair:5   | 14248 ||| Stepping ~*~*~tactically~*~*~ (stealth).
 14249 | Lair:5   | 14249 ||| Stepping ~*~*~tactically~*~*~ (stealth).
 14262 | Lair:5   | 14262 ||| INVOKING Heroism.
 14270 | Lair:5   | Reached skill level 12 in Armour
 14430 | Lair:5   | 14430 ||| INVOKING Heroism.
 14529 | Lair:5   | 14529 ||| INVOKING Heroism.
 14551 | Lair:5   | Gained mutation: Your large and strong wings let you fly.
                  | [Gargoyle growth]
 14551 | Lair:5   | Reached XP level 14. HP: 88/88 MP: 21/21
 14596 | Lair:5   | 14596 ||| Stepping ~*~*~tactically~*~*~ (stealth).
 14602 | Lair:5   | 14602 ||| INVOKING Heroism.
 14606 | Lair:5   | 14606 ||| Stepping ~*~*~tactically~*~*~ (stealth).
 14692 | Lair:5   | 14692 ||| FLEEEEING.
 14693 | Lair:5   | 14693 ||| FLEEEEING.
 14694 | Lair:5   | 14694 ||| FLEEEEING.
 14695 | Lair:5   | 14695 ||| FLEEEEING.
 14696 | Lair:5   | 14696 ||| FLEEEEING.
 14697 | Lair:5   | 14697 ||| FLEEEEING.
 14698 | Lair:5   | 14698 ||| FLEEEEING.
 14699 | Lair:5   | 14699 ||| FLEEEEING.
 14700 | Lair:5   | 14700 ||| FLEEEEING.
 14701 | Lair:5   | 14701 ||| FLEEEEING.
 14702 | Lair:5   | 14702 ||| INVOKING Heroism.
 14989 | Lair:5   | 14989 ||| INVOKING Heroism.
 15012 | Lair:5   | 15012 ||| Stepping ~*~*~tactically~*~*~ (stealth).
 15015 | Lair:5   | 15015 ||| Stepping ~*~*~tactically~*~*~ (stealth).
 15018 | Lair:5   | 15018 ||| Stepping ~*~*~tactically~*~*~ (hiding).
 15021 | Lair:5   | 15021 ||| Stepping ~*~*~tactically~*~*~ (hiding).
 15035 | Lair:5   | 15035 ||| INVOKING Heroism.
 15036 | Lair:5   | 15036 ||| Stepping ~*~*~tactically~*~*~ (hiding).
 15048 | Lair:5   | Reached skill level 14 in Axes
 15056 | Lair:5   | Found a corrupted altar of Lugonu.
 15056 | Lair:5   | Found a one-way gate to the infinite horrors of the Abyss.
 15075 | Lair:5   | HP: 10/88 [spriggan/+1 rapier of distortion (16)]
 15076 | Lair:5   | 15076 ||| READING 2 scrolls of teleportation.
 15076 | Lair:5   | Slain by a spriggan

Levels and vault maps discovered:
D:1:      lightli_arrival_windingriver, layout_rooms, serial_shops,
          nicolae_shop_just_a_little_nook
D:2:      layout_basic, serial_shops, shop, minmay_misc_feat_secret_circle,
          uniq_terence, uniq_sigmund
D:3:      layout_loops_corners, nicolae_figureground_pulse
D:4:      layout_basic
D:5:      layout_loops_ring, nicolae_overflow_hidden_temple,
          minmay_temple_entry_poolview, serial_bayou, serial_bayou_lagoon_a,
          serial_bayou_crossing, serial_bayou_pond_d, serial_bayou_pond_c,
          serial_shops, shop
D:6:      layout_basic, nrook_mini_vaults
D:7:      layout_cave_pools, mainiacjoe_overflow_catwalk, kennysheep_potato
D:8:      layout_cave_pools, lemuel_tele_altar,
          gammafunk_ghost_berserking_beasts, serial_shops, shop,
          minmay_misc_feat_tower
D:9:      layout_rooms, fungi_pond_lemuel
D:10:     layout_stronghold, xom_teletrap_fun, hellmonk_lair_entry_icy,
          nicolae_trove_entry_crystal, dreamdust_deal_with_the_devil
Temple:   eino_wide_crystal_templ
Lair:1:   layout_gridlike, uniq_nergalle
Lair:2:   layout_hall_layers, guppyfry_snake_entry_garden,
          portal_ice_cave_entry_pillars_2, grunt_megastairs_2,
          infiniplex_staircase_pool
Lair:3:   layout_regular_city, elwin_shoals_entry_rooms, grunt_megastairs_1,
          infiniplex_staircase_pool_2, uniq_fannar
Lair:4:   layout_cave_pods, slime_entry_2, uniq_josephine
Lair:5:   hellmonk_lair_end_abyssal_woods, layout_small_grid, st_stairs_7,
          serial_bayou_shore_b, lemuel_fruit_tree, grunt_megastairs_4

Skill      XL: |  1  2  3  4  5  6  7  8  9 10 11 12 13 14 |
---------------+-------------------------------------------+-----
Axes           | 2 3 5 6 7 8 10 12 13 14 | 14.0
Fighting       | 4 5 6 7 8 9 10 | 10.6
Dodging        | 1 2 |  2.0
Armour         | 4 5 6 7 8 10 12 | 12.0
Invocations    | 3 4 9 10 | 10.1
Shields        | 4 6 9 10 11 | 11.1
Throwing       | 1 2 |  2.0

Action                     |  1- 3 |  4- 6 |  7- 9 | 10-12 | 13-15 || total
---------------------------+-------+-------+-------+-------+-------++-------
  Melee: War axe           |    89 |    95 |       |       |       ||   184
         Broad axe         |       |    49 |   265 |   558 |   573 ||  1445
         Morningstar       |       |       |       |       |     5 ||     5
  Throw: Boomerang         |       |       |       |    38 |    80 ||   118
 Invoke: Heroism           |       |       |    10 |    25 |    18 ||    53
         Finesse           |       |       |       |     1 |     1 ||     2
    Use: Scroll            |     4 |    10 |     8 |     4 |     1 ||    27
         Potion            |       |     2 |     1 |       |     1 ||     4
 Armour: Scale mail        |    36 |    51 |       |       |       ||    87
         Skin              |       |     4 |       |       |       ||     4
         Plate armour      |       |    17 |   229 |   172 |       ||   418
         Crystal plate arm |       |       |       |   284 |   447 ||   731
  Dodge: Dodged            |    31 |    46 |    86 |   158 |   116 ||   437
  Block: Buckler           |     9 |    26 |    53 |    38 |       ||   126
         Kite shield       |       |       |       |   253 |   339 ||   592

Table legend:
 A = Non-vault XP
 B = Vault XP
 C = Vault XP percentage of total XP
 D = Non-vault monster count
 E = Vault monster count
 F = Vault count percentage of total count
                 A         B        C        D         E       F
            +---------+---------+-------+---------+---------+-------
      Total |   45267 |   18876 |  29.4 |     310 |      69 |  18.2
            +---------+---------+-------+---------+---------+-------
        D:1 |      51 |       0 |   0.0 |      24 |       0 |   0.0
        D:2 |      62 |     267 |  81.2 |      17 |       2 |  10.5
        D:3 |      55 |       0 |   0.0 |      28 |       0 |   0.0
        D:4 |     211 |       0 |   0.0 |      13 |       0 |   0.0
        D:5 |     482 |       0 |   0.0 |       9 |       0 |   0.0
        D:6 |    1093 |       0 |   0.0 |      13 |       0 |   0.0
        D:7 |    1215 |      85 |   6.5 |      23 |       1 |   4.2
        D:8 |    1361 |       0 |   0.0 |      16 |       0 |   0.0
        D:9 |    4180 |       0 |   0.0 |      31 |       0 |   0.0
       D:10 |    2213 |    1017 |  31.5 |      13 |       6 |  31.6
     Lair:1 |    6862 |     781 |  10.2 |      28 |       1 |   3.4
     Lair:2 |    8282 |     731 |   8.1 |      24 |       3 |  11.1
     Lair:3 |    3517 |    3047 |  46.4 |      14 |      10 |  41.7
     Lair:4 |    6938 |    1568 |  18.4 |      32 |       4 |  11.1
     Lair:5 |    8745 |   11380 |  56.5 |      25 |      42 |  62.7
            +---------+---------+-------+---------+---------+-------
